 Dungeon Crawl Stone Soup version 0.20.0-8-g6b59dc7 (webtiles) character file.

110330 shklvsk the Brawler (level 16, -7/142 HPs)
             Began as a Troll Wanderer on May 30, 2017.
             Was an Elder of Hepliaklqana.
             Mangled by a faun
             ... wielding a +0 club
              (22 damage)
             ... on level 2 of the Shoals on May 31, 2017.
             The game lasted 01:44:21 (30236 turns).

shklvsk the Brawler (Troll Wanderer)               Turns: 30236, Time: 01:44:22

Health: -7/142     AC: 17    Str: 22    XL:     16   Next: 6%
Magic:  24/24      EV: 18    Int: 16    God:    Hepliaklqana [****..]
Gold:   2330       SH:  0    Dex: 11    Spells: 4/17 levels left

rFire    . . .     SeeInvis .     - Unarmed
rCold    . . .     Gourm    +   (no shield)
rNeg     . . .     Faith    .   Y - +2 robe {MR+}
rPois    .         Spirit   .   E - +1 hat {Int+3}
rElec    .         Reflect  .   l - +0 cloak
rCorr    .         Harm     .   (gloves unavailable)
MR       ++...                  (boots unavailable)
Stlth    +.........             B - amulet of regeneration {+regen, !d}
Regen    1.2/turn               C - +4 ring of evasion
MPRegen  0.2/turn               G - +5 ring of protection

@: mesmerised
A: unfitting armour, reduced essence, claws 3, horns 1, icy blue scales 1, fast
metabolism 3, gourmand, high mp 1, regeneration 1, shaggy fur 1, tough skin 2,
wild magic 1
a: Recall Ancestor, Ancestor Identity, Transference, Idealise, Renounce Religion


You were on level 2 of the Shoals.
You worshipped Hepliaklqana.
Hepliaklqana was greatly pleased with you.
You were not hungry.

You visited 6 branches of the dungeon, and saw 27 of its levels.
You also visited: Labyrinth, Bailey, Ice Cave and Volcano.

You collected 3041 gold pieces.
You spent 711 gold pieces at shops.

Inventory:

Hand Weapons
 b - a +3 blowgun
 i - the +10 scimitar of Perfectionism {flame, rF+ rN+ MR+ Str+4}
   (You found it on level 6 of the Dungeon)

   It has been specially enchanted to burn those struck by it, causing extra
   injury to most foes and up to half again as much damage against particularly
   susceptible opponents.
   Big, fiery blades are also staple armaments of hydra-hunters.
   It affects your strength (+4).
   It protects you from fire.
   It protects you from negative energy.
   It affects your resistance to hostile enchantments.
 Q - the +6 war axe "Tazotix" {antimagic, *Corrode rElec rN+++ MP+9}
   (You found it on level 2 of the Lair of Beasts)

   It reduces the magical energy of the wielder, and disrupts the spells and
   magical abilities of those hit.
   Natural abilities and divine invocations are not affected.
   It insulates you from electricity.
   It renders you almost immune to negative energy.
   It affects your magic capacity (+9).
   It may corrode you when you take damage.
Missiles
 a - 12 curare-tipped needles
 I - 6 large rocks (quivered) {!d}
 P - 34 tomahawks of returning
 W - 7 javelins
Armour
 l - a +0 cloak (worn)
   (You found it on level 13 of the Dungeon)
 E - a +1 hat of intelligence (worn)
   (You found it in an ice cave)
 L - a +2 robe of resistance
   (You took it off Dowan on level 6 of the Dungeon)
 S - a +0 troll leather armour {regen}
   (You found it on level 12 of the Dungeon)
 Y - a +2 robe of magic resistance (worn)
   (You took it off a wight on level 6 of the Dungeon)
Jewellery
 o - an uncursed ring of see invisible {sInv, !d}
   (You took it off a minotaur in a labyrinth)
 p - a +3 ring of slaying
   (You found it on level 13 of the Dungeon)
 B - an amulet of regeneration (around neck) {+regen, !d}
   (You found it on level 6 of the Lair of Beasts)
 C - a +4 ring of evasion (left claw)
   (You found it on level 2 of the Dungeon)
 F - an uncursed ring of fire {rF+, rC-}
   (You found it on level 3 of the Dungeon)
 G - a +5 ring of protection (right claw)
   (You found it on level 4 of the Dungeon)
 K - an uncursed ring of ice {rC+, rF-}
   (You found it in a labyrinth)
 T - an uncursed ring of magical power {MP+9}
   (You found it in an ice cave)
Wands
 g - a wand of paralysis (20/24)
   (You found it on level 1 of the Shoals)
 n - a wand of disintegration (11/24)
   (You found it in an ice cave)
 r - a wand of confusion (15/48)
   (You found it on level 5 of the Lair of Beasts)
 t - a wand of iceblast (3/15)
   (You found it on level 11 of the Dungeon)
 y - a wand of polymorph (7/24)
   (You found it on level 13 of the Dungeon)
 M - a wand of lightning (7/15)
   (You found it in an ice cave)
 R - a wand of digging (6/24)
   (You found it on level 12 of the Dungeon)
 Z - a wand of scattershot (5/9)
   (You found it on level 13 of the Dungeon)
Scrolls
 c - a scroll of fog
 j - 4 scrolls of magic mapping {!r}
 q - 4 scrolls of immolation {!r}
 u - 2 scrolls of enchant armour
 z - 5 scrolls of remove curse
 D - 2 scrolls of fear
Potions
 d - a potion of heal wounds
 h - 7 potions of might
 m - a potion of mutation {!q}
 v - a potion of resistance
 x - 4 potions of cancellation
 A - 5 potions of flight
 J - a potion of haste
 X - 2 potions of lignification {!q}
Books
 e - a book of Frost
   (You found it on level 1 of the Spider Nest)
 s - a book of Minor Magic
   (You found it on level 1 of the Shoals)
Miscellaneous
 U - a lamp of fire (inert)
   (You found it in a bailey)
 V - a fan of gales
   (You found it in a bailey)
Comestibles
 f - 5 bread rations {@e1}
 k - 25 royal jellies
 w - 16 meat rations {@e2}
 H - 22 fruits


   Skills:
 + Level 9.8 Fighting
 * Level 4.3 Throwing
 + Level 9.1 Armour
 + Level 9.0 Dodging
 - Level 1.0 Stealth
 * Level 16.1 Unarmed Combat
 - Level 1.0 Spellcasting
 - Level 2.6 Hexes
 * Level 0.2 Charms
 - Level 9.5 Invocations
 * Level 8.2 Evocations


You had 4 spell levels left.
You knew the following spells:

 Your Spells              Type           Power        Failure   Level  Hunger
a - Fulminant Prism       Conj/Hex       #.........   85%         4    #####..
b - Blink                 Tloc           N/A          43%         2    ###....
c - Call Imp              Summ           #.......     43%         2    ###....
w - Passwall              Tmut/Erth      #.........   43%         2    ###....
A - Ozocubu's Armour      Chrm/Ice       #.......     63%         3    ####...


Dungeon Overview and Level Annotations

Branches:
Dungeon (14/15)            Temple (1/1) D:4            Lair (6/6) D:11
 Shoals (2/4) Lair:3       Spider (2/4) Lair:4        Slime (0/5) Lair:6
    Orc (2/2) D:12            Elf (0/3) Orc:2
 Vaults: D:13-14

Altars:
Ashenzari
Cheibriados
Dithmenos
Elyvilon
Fedhas
Gozag
Hepliaklqana
Kikubaaqudgha
Makhleb
Nemelex Xobeh
Okawaru
Qazlal
Ru
Sif Muna
Trog
Uskayaw
Vehumet
Xom
Yredelemnul
Zin
The Shining One
Beogh
Jiyva

Shops:
D:6 :   D:9 !:   D:10 (   Orc:2 [:??

Portals:
Trove: D:14 (show slimy rune of Zot)

Annotations:
D:5 exclusion: door
D:12 exclusion: door
Lair:1 exclusion: 3 oklob plants, Gastronok
Lair:4 exclusion: hydra
Lair:6 exclusion: oklob plant
Shoals:1 exclusions: hog and merfolk impaler
Spider:1 Rupert
Spider:2 Aizul, Arachne


Innate Abilities, Weirdness & Mutations

You are too large for most types of armour.
You have claws for hands.
Your metabolism is lightning-fast.
You like to eat raw meat.
Your natural rate of healing is unusually fast.
You are covered in fur. (AC +1)
You have very tough skin. (AC +2)
Your life essence is reduced. (-10% HP)
You have a pair of small horns on your head.
You are partially covered in icy blue scales. (AC +2)
You have an increased reservoir of magic. (+10% MP)
Your spells are a little harder to cast, but a little more powerful.


Message History

The merfolk siren chants a haunting song.
You resist with some effort.
The faun shoots a sling bullet.
The sling bullet hits you!!
The faun unwields an uncursed hunting sling.
The faun wields an uncursed club.
The faun hits you with an uncursed club.
The merfolk barely misses you.
You see here a sling bullet.
You take 22 damage, and have 70/142 hp.
The merfolk siren chants a haunting song.
You are mesmerised by the merfolk siren!
Leofric hits the merfolk with a dagger of draining.
Leofric drains the merfolk!
The faun unwields an uncursed club.
The faun wields a hunting sling.
The faun shoots a sling bullet.
The sling bullet hits you!!
The faun shoots a sling bullet.
The sling bullet closely misses you.
You hear a splash.
The merfolk misses you.
There is a stone staircase leading up, spattered with blood here.
Things that are here:
2 sling bullets; 3 stones You take 17 damage, and have 53/142 hp.
You cannot move away from the merfolk siren!
Aim the lamp in which direction?
Aim: a merfolk siren, wielding a spear (mesmerising)
The trail of fire hits the merfolk.
The merfolk siren chants its luring song.
The faun unwields an uncursed club.
The faun wields an uncursed hunting sling.
The faun shoots a stone.
The stone misses you.
Leofric hits the merfolk with a dagger of draining!
Leofric drains the merfolk!
The faun shoots a sling bullet.
The sling bullet closely misses you.
You hear a splash.
Aim: a merfolk siren, wielding a spear (mesmerising)
The mass of ice explodes!
The iceblast engulfs the faun.
The iceblast engulfs the merfolk.
The iceblast engulfs the faun.
This wand has 3 charges left.
You hear a shout! x2
The faun gestures at you while chanting.
You resist with almost no effort.
The merfolk siren chants its luring song.
The merfolk is engulfed in blazing flames.
You kill the merfolk!
The faun shoots a stone.
The stone hits you!
You take 9 damage, and have 45/142 hp.
Okay, then.
You scratch the faun.
The merfolk siren chants its luring song.
The faun shoots a sling bullet.
The sling bullet misses you.
You hear a splash.
Leofric is engulfed in blazing flames.
Leofric hits the faun with a dagger of draining.
The faun shoots a stone.
The stone misses you.
You mangle the faun!!
The faun unwields an uncursed hunting sling.
The faun wields an uncursed quarterstaff.
The faun hits you but does no damage.
The faun shoots a sling bullet.
The sling bullet closely misses you.
You hear a splash.
Leofric is engulfed in blazing flames.
Leofric closely misses the faun.
You closely miss the faun.
The faun shoots a stone.
The stone closely misses you.
You barely miss the faun. You headbutt the faun!
Leofric is engulfed in blazing flames.
Leofric misses the faun.
The faun gestures at you while chanting.
You resist with almost no effort. The faun barely misses you.
The faun shoots a stone.
The stone hits you!
* * * LOW HITPOINT WARNING * * *
You take 13 damage, and have 34/142 hp.
You closely miss the faun. The merfolk siren closely misses you.
The faun is engulfed in a cloud of scalding steam.
The faun shoots a sling bullet.
The sling bullet hits you but does no damage.
Leofric is engulfed in blazing flames.
Leofric gestures at the faun while chanting.
The faun resists with some effort.
The faun points at Leofric and mumbles some strange words.
Leofric seems to slow down.
You barely miss the faun. Your headbutt misses the faun.
The merfolk siren chants its luring song.
You mangle the faun!!
You kill the faun!
The faun shoots a sling bullet.
The sling bullet hits you!
* * * LOW HITPOINT WARNING * * *
Leofric is engulfed in blazing flames.
Leofric casts a spell at the faun.
The faun resists with some effort.
A faun comes into view. It is wielding a club.
You take 8 damage, and have 27/142 hp.
You mangle the faun!! Your headbutt misses the faun.
The merfolk siren closely misses you.
The faun shoots a sling bullet.
The sling bullet hits you!
* * * LOW HITPOINT WARNING * * *
You take 13 damage, and have 14/142 hp.
You scratch the faun but do no damage.
The faun unwields an uncursed hunting sling.
The faun wields an uncursed club.
The faun hits you with an uncursed club!!
You die...

....≈≈≈≈≈≈≈≈≈≈≈≈≈ c≈≈
...≈≈≈≈≈≈≈≈≈≈≈≈≈≈ ≈≈≈.
....≈≈≈≈≈≈≈≈≈≈≈≈ ≈≈(.
#..(≈≈≈≈≈≈≈≈≈≈≈ ≈≈≈≈.
#..≈≈≈≈≈≈≈≈≈≈≈≈
≈≈≈≈.###.≈≈≈≈≈≈≈≈≈≈≈≈≈
≈≈≈≈≈.(.≈≈≈≈≈≈≈≈≈≈≈≈≈≈
≈≈≈≈≈≈.(≈≈≈≈≈≈≈≈≈≈≈≈≈≈
.≈≈≈≈≈≈@†≈≈≈..≈≈≈≈≈≈≈≈
..≈≈≈≈≈§c..####.≈≈≈≈≈≈
.≈≈≈≈≈cR.m## .≈≈≈≈≈≈
≈≈≈≈≈≈§§≈(## ..≈≈≈≈≈
≈≈≈≈≈≈≈§≈÷.## ..≈≈≈≈≈
≈≈≈≈≈≈§§§≈..#cc.≈≈≈≈≈≈
≈≈≈≈≈≈.§§§......≈≈≈≈≈≈
≈≈≈≈≈.###.§§§...≈
≈≈≈≈.. ######..≈


You could see the friendly Leofric the hexer, 3 fauns and a merfolk siren.

Vanquished Creatures
  An Ice Fiend (IceCv)
  The ghost of Avack the Brawler, a journeyman TrMo of Makhleb (Orc:2)
  2 entropy weavers
  A minotaur (Lab)
  An ogre mage (Orc:2)
  Erolcha (Orc:2)
  The ghost of puimuR the Cleaver, a journeyman DDAK of Lugonu (Volcano)
  3 hydras (Lair:6)
  2 merfolk avatars
  2 centaur warriors (D:14)
  5 two-headed ogres
  4 death yaks (Lair:5)
  Nergalle (Orc:2)
  A hell knight (Volcano)
  2 unseen horrors
  A death drake (Orc:2)
  An orb spider (Spider:1)
  3 orc knights
  2 ugly things
  3 manticores
  9 orc sorcerers (Orc:2)
  2 deep elf magi
  2 wolf spiders (Spider:1)
  5 fauns
  A cyclops (D:11)
  A shining eye (Lair:6)
  The ghost of Dominolapin the Frost Mage, a novice BaIE of Ashenzari (D:6)
  5 elephants (Lair:6)
  2 water nymphs (Shoals:1)
  2 molten gargoyles (Volcano)
  3 merfolk sirens (Shoals:1)
  4 black mambas
  3 gargoyles
  11 spiny frogs
  A yaktaur (Volcano)
  4 komodo dragons
  3 freezing wraiths (IceCv)
  A demonic crawler (Spider:1)
  4 kobold demonologists
  2 rime drakes
  A golden dragon simulacrum (IceCv)
  A wolf spider simulacrum (IceCv)
  4 ice devils (IceCv)
  A queen bee (D:11)
  2 wind drakes
  3 polar bears
  8 jumping spiders (Spider:1)
  6 trolls
  9 hornets
  4 merfolk
  13 hippogriffs
  16 blink frogs
  4 dream sheep
  10 slime creatures
  A snapping turtle (Shoals:1)
  A wyvern (D:8)
  A yak (shapeshifter) (D:14)
  5 shadows
  3 tarantellas (Spider:1)
  12 spriggans (Lair:6)
  A water elemental (Shoals:1)
  17 redbacks
  A basilisk (Lair:6)
  37 yaks
  5 humans (D:6)
  7 hungry ghosts
  5 dire elephant simulacra (IceCv)
  3 fire bats (Volcano)
  7 vampire mosquitoes
  3 wargs
  An iron troll simulacrum (IceCv)
  2 harpy simulacra (IceCv)
  An acid dragon (D:14)
  Menkaure (D:7)
  A soldier ant (D:8)
  4 hydra simulacra (IceCv)
  Duvessa (D:6)
  11 water moccasins
  13 porcupines
  8 black bears
  4 ice beasts
  3 sky beasts
  18 orc warriors
  A necrophage (D:7)
  11 centaurs
  31 wolves
  3 boggarts (Lair:6)
  2 ettin simulacra (IceCv)
  5 phantoms
  12 ogres
  17 crocodiles
  5 big kobolds
  16 bullfrogs
  Dowan (D:6)
  A wyvern skeleton (D:12)
  2 scorpions
  A swamp dragon simulacrum (IceCv)
  30 killer bees
  11 wights
  2 howler monkeys
  3 lava snakes (Volcano)
  2 bullfrog zombies
  3 centaur zombies
  6 crimson imps
  A jelly (D:12)
  2 quasits
  10 hounds
  11 orc priests
  A gnoll shaman (D:7)
  29 orc wizards
  4 bullfrog skeletons
  4 centaur skeletons
  Jessica (D:3)
  Natasha (thrice) (D:4)
  4 iguanas
  A spriggan simulacrum (IceCv)
  A troll simulacrum (IceCv)
  11 worker ants
  2 wolf simulacra (IceCv)
  2 hound zombies
  A human simulacrum (D:11)
  A hound skeleton (D:8)
  8 gnolls
  2 ogre simulacra (IceCv)
  13 adders
  A naga simulacrum (IceCv)
  4 shadow imps
  7 white imps (IceCv)
  5 ufetubi (IceCv)
  An ooze (D:2)
  An adder skeleton (D:10)
  A dart slug (D:1)
  8 leopard geckos
  62 orcs
  6 giant cockroaches
  8 goblins
  10 hobgoblins
  13 jackals
  3 quokkas
  A ball python (D:1)
  4 bats
  A frilled lizard (D:3)
  A jackal skeleton (D:4)
  38 kobolds
  3 rats
818 creatures vanquished.

Vanquished Creatures (collateral kills)
  An orc warlord (Orc:1)
  A hydra (Lair:6)
  A centaur warrior (Volcano)
  A death yak (Lair:5)
  An ugly thing (IceCv)
  An orc sorcerer (Orc:2)
  A wolf spider (Spider:1)
  An elephant (Lair:6)
  A water nymph (Shoals:1)
  An ice statue (IceCv)
  4 spiny frogs
  2 komodo dragons (Lair:6)
  An ice devil (IceCv)
  An efreet (D:13)
  A jumping spider (Spider:1)
  4 blink frogs
  Prince Ribbit (D:6)
  2 dream sheep
  2 hippogriffs
  4 redbacks
  3 yaks
  A fire bat (Volcano)
  2 vampire mosquitoes (D:13)
  A warg (Orc:1)
  A porcupine (Lair:2)
  2 water moccasins
  2 sky beasts
  3 orc warriors
  An ice beast (D:10)
  An ogre (Orc:2)
  2 wolves (Lair:3)
  A boggart (Lair:6)
  2 crocodiles (Lair:6)
  A killer bee (D:11)
  A wight (D:8)
  2 electric eels (Lair:6)
  A lava snake (Volcano)
  A bullfrog zombie (D:11)
  6 orc wizards
  A worker ant (D:7)
  A centaur simulacrum (IceCv)
  A gnoll (D:7)
  An ufetubus (IceCv)
  An adder skeleton (D:7)
  14 orcs
  A goblin (D:3)
  2 kobolds
  A rat (D:2)
  A butterfly (Lair:6)
90 creatures vanquished.

Vanquished Creatures (others)
  30 hexers
  An orc wizard (Orc:2)
  A human simulacrum (D:11)
  A white imp (IceCv)
  An ufetubus (IceCv)
  2 ancestors (D:3)
  28 fungi
  21 plants
85 creatures vanquished.

Grand Total: 993 creatures vanquished

Notes
Turn   | Place    | Note
-------+----------+-------------------------------------------
     0 | D:1      | shklvsk the Troll Wanderer began the quest for the Orb.
     0 | D:1      | shklvsk set off with: 2 curare-tipped needles, a +2 blowgun, a potion of curing, a scroll of teleportation, a +0 robe, 2 bread rations {@e1}
     0 | D:1      | Reached XP level 1. HP: 19/19 MP: 1/1
    26 | D:1      | Reached skill level 1 in Unarmed Combat
    65 | D:1      | Reached XP level 2. HP: 27/27 MP: 2/2
   130 | D:1      | Reached skill level 2 in Unarmed Combat
   719 | D:2      | Reached XP level 3. HP: 27/33 MP: 3/3
   739 | D:2      | Found a hazy altar of Hepliaklqana.
   743 | D:2      | Reached skill level 3 in Unarmed Combat
   749 | D:2      | Became a worshipper of Hepliaklqana the Forgotten
  1012 | D:2      | Reached XP level 4. HP: 37/37 MP: 4/4
  1311 | D:3      | Noticed an ogre
  1379 | D:3      | Noticed Jessica
  1383 | D:3      | Killed Jessica
  1414 | D:3      | Found a basalt altar of Yredelemnul.
  1428 | D:3      | Reached skill level 4 in Unarmed Combat
  1479 | D:3      | Reached skill level 2 in Fighting
  1620 | D:3      | Killed an ogre
  1620 | D:3      | Reached XP level 5. HP: 21/45 MP: 5/5
  1953 | D:3      | Found an iron altar of Okawaru.
  1966 | D:3      | Reached skill level 5 in Unarmed Combat
  2215 | D:4      | Reached XP level 6. HP: 45/53 MP: 6/6
  2223 | D:4      | Reached skill level 3 in Fighting
  2228 | D:4      | Found a hide-covered altar of Uskayaw.
  2252 | D:4      | Noticed Natasha
  2262 | D:4      | Killed Natasha
  2397 | D:4      | Reached * piety under Hepliaklqana
  2450 | D:4      | Reached skill level 6 in Unarmed Combat
  2452 | D:4      | HP: 8/54 [something/puff of flame (10)]
  2471 | D:4      | Noticed Natasha
  2474 | D:4      | Killed Natasha
  2474 | D:4      | Reached XP level 7. HP: 44/60 MP: 7/7
  2514 | D:4      | Noticed Natasha
  2522 | D:4      | Killed Natasha
  2807 | D:4      | Found a sacrificial altar of Ru.
  2985 | D:4      | Found a staircase to the Ecumenical Temple.
  2994 | D:4      | Reached skill level 7 in Unarmed Combat
  3102 | D:5      | Entered Level 5 of the Dungeon
  3193 | D:5      | Found a hide-covered altar of Uskayaw.
  3202 | D:5      | Reached skill level 4 in Fighting
  3377 | D:5      | Reached skill level 1 in Armour
  3510 | D:5      | Found a deep blue altar of Sif Muna.
  3547 | D:5      | Reached XP level 8. HP: 70/70 MP: 8/8
  3878 | D:5      | Reached skill level 1 in Dodging
  3998 | D:6      | Reached skill level 8 in Unarmed Combat
  4017 | D:6      | Reached skill level 2 in Armour
  4017 | D:6      | Reached skill level 2 in Dodging
  4109 | D:6      | Reached ** piety under Hepliaklqana
  4110 | D:6      | Remembered your ancestor Leofric as a hexer
  4195 | D:6      | Found Vydidibb's Book Shoppe.
  4225 | D:6      | Reached XP level 9. HP: 77/78 MP: 9/9
  4270 | D:6      | Reached skill level 5 in Fighting
  4270 | D:6      | Reached skill level 9 in Unarmed Combat
  4272 | D:6      | Noticed Prince Ribbit
  4281 | D:6      | Killed Prince Ribbit
  4281 | D:6      | Reached skill level 3 in Armour
  4296 | D:6      | Got a translucent scimitar
  4327 | D:6      | Reached skill level 3 in Dodging
  4350 | D:6      | Noticed Dominolapin's ghost (novice BaIE)
  4386 | D:7      | Noticed Menkaure
  4397 | D:7      | Killed Menkaure
  4813 | D:7      | Reached skill level 10 in Unarmed Combat
  5094 | D:7      | Reached skill level 4 in Armour
  5192 | D:7      | Reached *** piety under Hepliaklqana
  5268 | D:8      | Reached skill level 4 in Dodging
  5278 | D:8      | Reached XP level 10. HP: 88/88 MP: 10/10
  5362 | D:8      | Reached skill level 1 in Invocations
  5365 | D:8      | Noticed a two-headed ogre
  5377 | D:8      | HP: 16/88 [ice beast (13)]
  5535 | D:8      | Noticed a two-headed ogre
  5860 | D:7      | Reached skill level 2 in Invocations
  5971 | D:7      | Killed a two-headed ogre
  5971 | D:7      | Reached skill level 6 in Fighting
  6008 | D:7      | Killed a two-headed ogre
  6008 | D:7      | Reached skill level 3 in Invocations
  6214 | D:8      | Reached skill level 11 in Unarmed Combat
  6489 | D:8      | Found a glowing silver altar of Zin.
  6678 | D:8      | Paralysed by a hornet for 1 turns
  6685 | D:8      | Reached skill level 4 in Invocations
  6691 | D:8      | Reached skill level 5 in Armour
  7004 | D:9      | Reached skill level 5 in Dodging
  7018 | D:9      | Found a bloodstained altar of Trog.
  7082 | D:9      | Reached XP level 11. HP: 80/96 MP: 13/13
  7511 | D:9      | Found Allumeha's Book Shop.
  7526 | D:9      | Found Voeck's Distillery.
  7537 | D:9      | Bought a potion of invisibility for 104 gold pieces
  7537 | D:9      | Bought a potion of curing for 39 gold pieces
  7537 | D:9      | Bought a potion of might for 52 gold pieces
  7537 | D:9      | Bought a potion of might for 52 gold pieces
  7537 | D:9      | Bought a potion of ambrosia for 104 gold pieces
  7537 | D:9      | Bought a potion of agility for 52 gold pieces
  7562 | D:10     | Entered Level 10 of the Dungeon
  7623 | D:10     | Reached **** piety under Hepliaklqana
  8148 | D:10     | Found Ynan's Antique Weapon Shop.
  8497 | D:11     | Killed an unseen horror
  8505 | D:11     | Reached skill level 5 in Invocations
  8543 | D:11     | Found a staircase to the Lair.
  8602 | D:11     | Reached skill level 12 in Unarmed Combat
  8643 | D:11     | Found a labyrinth entrance.
  8649 | Lab      | Entered a labyrinth
  8801 | Lab      | Reached skill level 7 in Fighting
  8989 | Lab      | Noticed a minotaur
  8995 | Lab      | HP: 31/147 [minotaur/short sword (21)]
  8998 | Lab      | HP: 10/147 [minotaur/short sword (21)]
  8999 | Lab      | Killed a minotaur
  8999 | Lab      | Reached skill level 6 in Invocations
  9080 | Lab      | Identified the Incunabulum of the Mountains
  9166 | D:11     | Noticed a two-headed ogre
  9285 | D:12     | Noticed a deep elf mage
  9290 | D:12     | Noticed a sun demon
  9297 | D:12     | Killed a deep elf mage
  9302 | D:12     | HP: 20/98 [vampire mosquito (5)]
  9492 | D:12     | Reached XP level 12. HP: 96/106 MP: 15/15
  9549 | D:12     | Reached ***** piety under Hepliaklqana
  9671 | D:12     | Found a staircase to the Orcish Mines.
  9820 | D:12     | Reached skill level 6 in Armour
  9820 | D:12     | Reached skill level 6 in Dodging
  9992 | D:12     | Noticed a five-headed hydra
 10563 | D:13     | Reached skill level 7 in Invocations
 10619 | D:13     | Found a flagged portal.
 10636 | D:13     | HP: 16/106 [acid (11)]
 10641 | D:13     | HP: 19/106 [burnt (5)]
 10731 | Bailey   | Entered a bailey
 11063 | Bailey   | Found a burning altar of Makhleb.
 11163 | Bailey   | Learned a level 2 spell: Passwall
 11168 | Bailey   | Learned a level 4 spell: Fulminant Prism
 11229 | D:13     | HP: 23/106 [something (24)]
 11233 | D:13     | Reached skill level 13 in Unarmed Combat
 11233 | D:13     | Reached skill level 1 in Evocations
 11234 | D:13     | HP: 12/106 [something (10)]
 11239 | D:13     | HP: 23/106 [shadow (10)]
 11626 | D:13     | Got a brightly glowing hunting sling
 11781 | D:13     | HP: 18/106 [efreet/fireball (24)]
 11782 | D:13     | Reached skill level 2 in Evocations
 12506 | D:14     | Found a portal to a secret trove of treasure.
 12667 | D:14     | Noticed a centaur warrior
 12674 | D:13     | HP: 8/107 [gargoyle/morningstar of freezing (20)]
 12679 | D:13     | HP: 23/107 [gargoyle/morningstar of freezing (1)]
 12977 | D:14     | Noticed a centaur warrior
 12984 | D:14     | Killed a centaur warrior
 13013 | D:14     | Reached skill level 3 in Evocations
 13030 | D:14     | Killed a centaur warrior
 13030 | D:14     | Reached skill level 7 in Dodging
 13030 | D:14     | Reached XP level 13. HP: 89/114 MP: 17/17
 13159 | Orc:1    | Entered Level 1 of the Orcish Mines
 13188 | Orc:1    | Noticed an orc warlord
 13221 | D:12     | HP: 18/114 [orc warrior/long sword[an orc warlord] (17)]
 13441 | D:12     | HP: 25/114 [orc knight/long sword (22)]
 13457 | D:12     | HP: 19/114 [orc warrior/trident[an orc knight] (17)]
 14163 | D:11     | Reached skill level 8 in Fighting
 14955 | Lair:1   | Entered Level 1 of the Lair of Beasts
 15116 | Lair:1   | Reached skill level 7 in Armour
 15127 | Lair:1   | Noticed Gastronok
 15792 | Lair:2   | Got a brightly glowing war axe
 15793 | Lair:2   | Identified the +10 scimitar of Perfectionism {flame, rF+ rN+ MR+ Str+4} (You found it on level 6 of the Dungeon)
 15794 | Lair:2   | Identified the +11 hunting sling "Janar" {flame, Dex+3} (You found it on level 13 of the Dungeon)
 15796 | Lair:2   | Identified the +6 war axe "Tazotix" {antimagic, *Corrode rElec rN+++ MP+9} (You found it on level 2 of the Lair of Beasts)
 16157 | Lair:2   | Reached skill level 4 in Evocations
 16478 | Lair:3   | Reached skill level 8 in Invocations
 16495 | Lair:3   | Reached ****** piety under Hepliaklqana
 16530 | Lair:3   | Found a dark tunnel.
 16538 | Volcano  | Entered a volcano
 16615 | Volcano  | Noticed puimuR's ghost (journeyman DDAK)
 16627 | Volcano  | Reached skill level 14 in Unarmed Combat
 16646 | Volcano  | Killed puimuR's ghost
 16706 | Volcano  | Found a radiant altar of Vehumet.
 17699 | Lair:3   | Found a staircase to the Shoals.
 18188 | Lair:4   | Found a hole to the Spider Nest.
 18228 | Lair:4   | HP: 27/115 [poisoned by a spiny frog]
 18233 | Lair:4   | HP: 22/115 [poisoned by a spiny frog]
 18238 | Lair:4   | HP: 20/115 [poisoned by a spiny frog]
 18243 | Lair:4   | HP: 19/115 [poisoned by a spiny frog]
 18249 | Lair:4   | HP: 20/115 [poisoned by a spiny frog]
 18257 | Lair:4   | HP: 22/115 [poisoned by a spiny frog]
 18265 | Lair:4   | HP: 26/115 [poisoned by a spiny frog]
 18576 | Lair:4   | Reached skill level 5 in Evocations
 18592 | Lair:4   | Reached XP level 14. HP: 104/123 MP: 19/19
 19629 | Lair:4   | HP: 30/123 [poisoned by a spiny frog]
 19634 | Lair:4   | HP: 27/123 [poisoned by a spiny frog]
 19639 | Lair:4   | HP: 26/123 [poisoned by a spiny frog]
 19644 | Lair:4   | HP: 26/123 [poisoned by a spiny frog]
 19651 | Lair:4   | HP: 28/123 [poisoned by a spiny frog]
 20548 | Lair:6   | Entered Level 6 of the Lair of Beasts
 20682 | Lair:6   | Paralysed by a hornet for 1 turns
 20690 | Lair:6   | Reached skill level 8 in Dodging
 20898 | Lair:6   | Reached skill level 8 in Armour
 21082 | Lair:6   | Reached skill level 6 in Evocations
 21232 | Lair:6   | Reached skill level 9 in Invocations
 21304 | Lair:6   | Found a viscous altar of Jiyva.
 21304 | Lair:6   | Found a staircase to the Slime Pits.
 21319 | Lair:6   | Gained mutation: Your muscles are strong. (Str +2) [potion of mutation]
 21319 | Lair:6   | Gained mutation: You occasionally shout uncontrollably at your foes. [potion of mutation]
 21319 | Lair:6   | Gained mutation: You are occasionally teleported next to monsters. [potion of mutation]
 21319 | Lair:6   | Gained mutation: You have a pair of small horns on your head. [potion of mutation]
 21320 | Lair:6   | Lost mutation: Your muscles are strong. (Str +2) [potion of mutation]
 21320 | Lair:6   | Lost mutation: You are occasionally teleported next to monsters. [potion of mutation]
 21320 | Lair:6   | Lost mutation: You occasionally shout uncontrollably at your foes. [potion of mutation]
 21320 | Lair:6   | Gained mutation: You have an increased reservoir of magic. (+10% MP) [potion of mutation]
 21320 | Lair:6   | Gained mutation: Your spells are a little harder to cast, but a little more powerful. [potion of mutation]
 21373 | Lair:6   | Reached skill level 15 in Unarmed Combat
 21556 | Lair:6   | Reached skill level 9 in Fighting
 23318 | D:6      | Found a deep blue altar of Sif Muna.
 23324 | D:6      | Reached XP level 15. HP: 129/131 MP: 23/23
 23464 | D:6      | Killed Dominolapin's ghost
 23488 | D:6      | Noticed Duvessa
 23488 | D:6      | Noticed Dowan
 23496 | D:6      | Killed Duvessa
 23497 | D:6      | Killed Dowan
 24127 | Orc:1    | Killed an orc warlord
 24229 | Orc:1    | You fall through a shaft!
 24229 | Orc:2    | Entered Level 2 of the Orcish Mines
 24239 | Orc:2    | Noticed Nessos
 24240 | Orc:2    | Noticed Nessos
 24240 | Orc:2    | Nessos changed into Nessos the death drake
 24246 | Orc:2    | Killed Nessos the death drake
 24525 | Orc:2    | Reached skill level 7 in Evocations
 24674 | Orc:2    | Noticed Avack's ghost (journeyman TrMo)
 24710 | Orc:2    | Killed Avack's ghost
 24866 | Orc:2    | Found Leczad's Antique Armour Shoppe.
 24941 | Orc:2    | Found an ancient bone altar of Kikubaaqudgha.
 24945 | Orc:2    | Noticed Nergalle
 24946 | Orc:2    | Paralysed by an orc sorcerer for 7 turns
 24959 | Orc:2    | Killed Nergalle
 25110 | Orc:2    | Found Naowo's Book Shoppe.
 25121 | Orc:2    | Gained mutation: You tend to lose your temper in combat. [a neqoxec]
 25125 | Orc:2    | Lost mutation: You have a pair of small horns on your head. [potion of mutation]
 25125 | Orc:2    | Lost mutation: You tend to lose your temper in combat. [potion of mutation]
 25125 | Orc:2    | Gained mutation: You have a pair of small horns on your head. [potion of mutation]
 25125 | Orc:2    | Gained mutation: You are partially covered in icy blue scales. (AC +2) [potion of mutation]
 25126 | Orc:2    | Noticed Erolcha
 25135 | Orc:2    | Killed Erolcha
 25200 | Orc:2    | Found a radiant altar of Vehumet.
 25322 | Orc:2    | Found a roughly hewn altar of Beogh.
 25322 | Orc:2    | Found Otsam's Magic Scroll Emporium.
 25322 | Orc:2    | Found Boudo's Magic Scroll Shoppe.
 25387 | Orc:2    | Bought a scroll of amnesia for 52 gold pieces
 25388 | Orc:2    | Bought a scroll of teleportation for 45 gold pieces
 25388 | Orc:2    | Bought a scroll of teleportation for 45 gold pieces
 25388 | Orc:2    | Bought a scroll of fog for 30 gold pieces
 25404 | Orc:2    | Bought a scroll of blinking for 97 gold pieces
 25404 | Orc:2    | Bought a scroll of teleportation for 39 gold pieces
 25554 | Orc:2    | Found a staircase to the Elven Halls.
 25976 | Orc:1    | Found a bloodstained altar of Trog.
 26406 | Temple   | Entered the Ecumenical Temple
 26933 | Spider:1 | Entered Level 1 of the Spider Nest
 26954 | Spider:1 | Reached skill level 2 in Throwing
 26991 | Spider:1 | Found a frozen archway.
 27006 | IceCv    | Entered an ice cave
 28153 | IceCv    | Noticed an Ice Fiend
 28947 | IceCv    | Killed an Ice Fiend
 29243 | Spider:1 | Noticed Rupert
 29259 | Spider:2 | Reached skill level 3 in Throwing
 29262 | Spider:2 | Noticed Aizul
 29262 | Spider:2 | HP: 25/133 [wolf spider (14)]
 29264 | Spider:2 | Noticed Arachne
 29269 | Spider:1 | HP: 31/133 [tarantella (4)]
 29277 | Spider:1 | HP: 19/133 [tarantella (15)]
 29282 | Spider:1 | HP: 26/133 [tarantella (4)]
 29284 | Spider:1 | HP: 11/133 [tarantella (12)]
 29294 | Spider:1 | HP: 20/133 [redback (2)]
 29299 | Spider:1 | HP: 29/134 [poisoned by a redback]
 29301 | Spider:1 | Reached skill level 16 in Unarmed Combat
 29304 | Spider:1 | HP: 27/134 [poisoned by a redback]
 29308 | Spider:1 | Reached skill level 9 in Armour
 29309 | Spider:1 | HP: 26/134 [poisoned by a redback]
 29315 | Spider:1 | HP: 27/134 [poisoned by a redback]
 29320 | Spider:1 | HP: 29/134 [poisoned by a redback]
 29325 | Spider:1 | HP: 32/134 [poisoned by a redback]
 29511 | Spider:1 | Reached skill level 8 in Evocations
 29675 | Shoals:1 | Entered Level 1 of the Shoals
 29816 | Shoals:1 | HP: 33/134 [faun/uncursed quarterstaff (12)]
 29827 | Shoals:1 | HP: 32/134 [faun/stone (14)]
 29835 | Shoals:2 | HP: 19/134 [merfolk/trident (9)]
 29841 | Shoals:2 | HP: 31/134 [merfolk/trident (10)]
 29849 | Shoals:2 | Reached XP level 16. HP: 40/141 MP: 24/24
 29860 | Shoals:2 | Reached skill level 4 in Throwing
 29864 | Shoals:2 | HP: 27/141 [faun/stone (9)]
 29869 | Shoals:1 | HP: 28/141 [centaur/arrow (2)]
 29870 | Shoals:1 | Reached skill level 9 in Dodging
 30078 | Shoals:1 | Learned a level 2 spell: Blink
 30081 | Shoals:1 | Learned a level 2 spell: Call Imp
 30085 | Shoals:1 | Learned a level 3 spell: Ozocubu's Armour
 30231 | Shoals:2 | HP: 34/142 [faun/stone (14)]
 30235 | Shoals:2 | HP: 14/142 [faun/sling bullet (14)]
 30236 | Shoals:2 | Mangled by a faun

Skill      XL: |  1  2  3  4  5  6  7  8  9 10 11 12 13 14 15 16 |
---------------+-------------------------------------------------+-----
Unarmed Combat | 1 2 3 4 5 6 7 8 10 11 12 13 14 15 16 | 16.1
Fighting       | 2 3 4 5 6 7 8 9 |  9.8
Armour         | 1 2 4 5 6 7 8 9 |  9.1
Dodging        | 2 4 5 7 8 9 |  9.0
Invocations    | 4 6 7 8 9 |  9.5
Evocations     | 3 5 6 8 |  8.2
Throwing       | 3 4 |  4.3
Stealth        | |  1.0
Spellcasting   | |  1.0
Hexes          | |  2.6
Charms         | |  0.2

Action                   |  1- 3 |  4- 6 |  7- 9 | 10-12 | 13-15 | 16-18 || total
-------------------------+-------+-------+-------+-------+-------+-------++-------
Melee: Unarmed           |    97 |   105 |   307 |   818 |  1408 |    50 ||  2785
       Punch             |       |     3 |    10 |    36 |    90 |     5 ||   144
       Headbutt          |       |       |       |       |   165 |    12 ||   177
 Fire: Blowgun           |     2 |       |       |       |       |       ||     2
Throw: Stone             |       |       |       |    27 |       |       ||    27
Invok: Ancestor Life: He |       |       |     1 |       |       |       ||     1
       Recall Ancestor   |       |       |       |     2 |     6 |       ||     8
       Idealise          |       |       |       |     1 |    15 |       ||    16
Evoke: Wand              |       |       |       |     3 |    21 |     2 ||    26
       Lamp of fire      |       |       |       |     1 |     4 |     1 ||     6
       Fan of gales      |       |       |       |       |     1 |       ||     1
       Box of beasts     |       |       |       |       |     1 |       ||     1
  Use: Potion            |       |     4 |       |    16 |    17 |       ||    37
       Scroll            |       |       |    15 |    16 |    27 |       ||    58
 Stab: Sleeping          |     2 |       |       |     2 |     5 |       ||     9
       Distracted        |       |       |     1 |     4 |    12 |     1 ||    18
       Confused          |       |       |       |     5 |     8 |       ||    13
       Paralysed         |       |       |       |       |    40 |       ||    40
       Invisible         |       |       |       |       |     3 |       ||     3
  Eat: Bread ration      |     1 |     1 |       |     6 |     8 |       ||    16
       Chunk             |     1 |     9 |    29 |    53 |   106 |       ||   198
       Royal jelly       |       |       |       |     2 |       |       ||     2
       Meat ration       |       |       |       |     1 |     2 |       ||     3
Armor: Robe              |    24 |    31 |    88 |   206 |   471 |    17 ||   837
       Skin              |       |       |       |     2 |     1 |       ||     3
       Troll leather arm |       |       |       |    25 |       |       ||    25
Dodge: Dodged            |    46 |    52 |   160 |   561 |   822 |    35 ||  1676
Block: Other             |       |       |     8 |    62 |    47 |       ||   117
       Reflection        |       |       |       |     4 |     1 |       ||     5

Vault maps used:
D:1:      dpeg_arrival_tiny_k
D:2:      lemuel_round_altar, first_bread
D:3:      okawaru_altar_gauntlet_db, yredelemnul_altar_generic, uniq_jessica
D:4:      eat_drink_and_be_merry_uskayaw, temple_doors_e,
          nicolae_ru_awakened_eye, uniq_natasha
D:5:      basic_altar, led_sif_book
D:6:      lemuel_doored_altar, serial_shops, shop, supply_closet_lemuel,
          minmay_ruffians, uniq_duvessa, uniq_prince_ribbit1
D:7:      minmay_misc_feat_square, uniq_menkaure
D:8:      kennysheep_mini, hangedman_pestilent_swarm
D:9:      lemuel_round_altar, serial_shops, shop, shop
D:10:     kennysheep_six_static_rooms, serial_shops, kennysheep_mini_moat
D:11:     due_lair_maze_entry_diamond, lab_entry_generic,
          minmay_tree_intersection, bh_circular_ruins
D:12:     orc_0_dummy
D:13:     enter_bailey_2, hex_large
D:14:     david_vaults_4, xom_redecorated, enter_trove_3
Temple:   eino_temple_water
Lair:1:   disabler_island, uniq_gastronok
Lair:2:   grunt_megastairs_1
Lair:3:   minmay_shoals_entry_centaurs, enter_volcano_4, minivault_27,
          serial_bayou_pond_a, serial_bayou_shore_b, grunt_megastairs_3
Lair:4:   spider_nest_entry_webs
Lair:6:   minmay_lair_end_enchanted_forest, dpeg_slime_entry_enclosed_altar,
          serial_bayou_shore_a, minmay_lair_oklob_chamber, lemuel_fruit_fields,
          infiniplex_staircase_pool_2
Shoals:1: uniq_kirke
Shoals:2: uniq_polyphemus
Spider:1: portal_ice_cave_entry_pillars_1, uniq_rupert
Spider:2: uniq_arachne, uniq_aizul
Orc:1:    basic_altar
Orc:2:    kennysheep_orc_mage_school, uniq_nessos
Lab:      nicolae_lab_dead_adventurers, nicolae_lab_starburst,
          nicolae_lab_hexagon, nicolae_lab_very_dead_end, nicolae_lab_garden,
          labyrinth_skeletal_remains, nicolae_lab_lava, nicolae_lab_grate_2,
          nicolae_lab_stuck, lab_statue, nicolae_lab_flowing_pool
Bailey:   bailey_axe_3, bailey
IceCv:    ice_cave_caverns_03
Volcano:  volcano_grotto

Table legend:
 A = Turns spent in this place as a percentage of turns spent in the entire game.
 B = Non-inter-level travel turns spent in this place as a percentage of non-inter-level travel turns spent in the entire game.
 C = Inter-level travel turns spent in this place as a percentage of turns spent in this place.
 D = Turns resting spent in this place as a percentage of non-inter-level travel turns spent in this place.
 E = Turns spent auto-exploring this place as a percentage of non-inter-level travel turns spent in this place.
 F = Non-inter-level travel turns spent in this place divided by the number of levels of this place that you've seen.
                   A       B       C       D       E      F
               +-------+-------+-------+-------+-------+----------------------
         Total | 100.0 | 100.0 |   0.7 |   5.1 |   6.9 | 328.2
       Dungeon |  46.3 |  46.3 |   0.9 |   4.7 |   9.6 | 336.1
        Temple |   0.2 |   0.2 |   8.3 |   0.0 |  68.2 |  22.0
          Lair |  21.9 |  21.8 |   1.1 |   6.3 |   6.4 | 370.0
        Shoals |   4.2 |   4.2 |   0.0 |   1.9 |   0.0 | 213.5
   Spider Nest |   2.7 |   2.7 |   0.4 |   4.0 |   1.4 | 138.0
  Orcish Mines |   8.2 |   8.3 |   0.2 |   3.5 |   8.1 | 420.0
     Labyrinth |   4.0 |   4.0 |   0.0 |   2.2 |   0.0 | 412.0
        Bailey |   2.2 |   2.2 |   0.0 |   5.4 |   4.5 | 221.0
      Ice Cave |   8.3 |   8.4 |   0.0 |   9.0 |   1.4 | 853.0
       Volcano |   1.9 |   1.9 |   0.0 |   8.1 |   0.5 | 198.0
               +-------+-------+-------+-------+-------+----------------------

Table legend:
 A = Kills in this place as a percentage of kills in entire the game.
 B = Kills by you in this place as a percentage of kills by you in the entire game.
 C = Kills by friends in this place as a percentage of kills by friends in the entire game.
 D = Other kills in this place as a percentage of other kills in the entire game.
 E = Experience gained in this place as a percentage of experience gained in the entire game.
 F = Experience gained in this place divided by the number of levels of this place that you have seen.
                   A       B       C       D       E      F
               +-------+-------+-------+-------+-------+----------------------
         Total | 100.0 | 100.0 | 100.0 | 100.0 | 100.0 | 5084.4
       Dungeon |  47.3 |  49.0 |  31.5 |  50.0 |  27.6 | 3105.8
          Lair |  24.3 |  23.4 |  32.6 |   0.0 |  33.7 | 8855.5
        Shoals |   2.6 |   2.8 |   1.1 |   0.0 |   6.6 | 5194.0
   Spider Nest |   4.1 |   3.8 |   6.7 |   0.0 |   8.1 | 6409.5
  Orcish Mines |  11.8 |  11.2 |  18.0 |   0.0 |  12.3 | 9720.5
     Labyrinth |   0.9 |   1.0 |   0.0 |   0.0 |   1.6 | 2472.0
        Bailey |   1.8 |   1.7 |   1.1 |  50.0 |   0.6 | 930.0
      Ice Cave |   5.4 |   5.4 |   5.6 |   0.0 |   6.1 | 9600.0
       Volcano |   1.9 |   1.7 |   3.4 |   0.0 |   3.4 | 5351.0
               +-------+-------+-------+-------+-------+----------------------
